 Dungeon Crawl Stone Soup version 0.21.0-3-g78d12a8 (webtiles) character file.

473 Suckerboh the Magician (level 6, 0/32 HPs)
             Began as a Deep Elf Fire Elementalist on Jan 14, 2018.
             Was a Follower of Vehumet.
             Slain by a hound (1 damage)
             ... on level 4 of the Dungeon.
             The game lasted 00:05:26 (3059 turns).

Suckerboh the Magician (Deep Elf Fire Elementalist) Turns: 3059, Time: 00:05:26

Health: 0/32       AC:  3    Str:  5    XL:     6   Next: 84%
Magic:  4/16       EV: 13    Int: 22    God:    Vehumet [*.....]
Gold:   92         SH:  0    Dex: 15    Spells: 8/16 levels left

rFire    + . .     SeeInvis .   (no weapon)
rCold    + . .     Gourm    .   (no shield)
rNeg     . . .     Faith    .   a - +0 robe
rPois    +         Spirit   .   l - +0 helmet
rElec    +         Reflect  .   (no cloak)
rCorr    +         Harm     .   (no gloves)
MR       .....                  (no boots)
Stlth    ++........             (no amulet)
HPRegen  0.10/turn              (no ring)
MPRegen  0.15/turn              (no ring)

@: lethally poisoned (0 -> -1), resistant
A: no striking features
a: Renounce Religion


You were on level 4 of the Dungeon.
You worshipped Vehumet.
Vehumet was aware of your devotion.
You were not hungry.

You visited 1 branch of the dungeon, and saw 4 of its levels.

You collected 92 gold pieces.

Inventory:

Hand Weapons
 e - a cursed -2 dagger
Armour
 a - a +0 robe (worn)
 l - a +0 helmet (worn)
Scrolls
 d - 3 scrolls of enchant weapon {unknown}
 f - 4 scrolls of identify {unknown}
 i - a scroll of immolation {unknown}
 j - a scroll of random uselessness {unknown}
 n - a scroll of teleportation {unknown}
 o - a scroll of remove curse {unknown}
 q - a scroll of magic mapping {unknown}
 r - a scroll of blinking {unknown}
Potions
 g - a potion of heal wounds {unknown}
 h - a potion of flight {unknown}
 k - a potion of curing {unknown}
 m - a potion of might {unknown}
 p - a potion of resistance
Books
 b - a book of Flames

   Spells                             Type                      Level
   a - Flame Tongue                   Conjuration/Fire             1
   b - Throw Flame                    Conjuration/Fire             2
   c - Conjure Flame                  Conjuration/Fire             3
   d - Inner Flame                    Hexes/Fire                   3
   e - Sticky Flame                   Conjuration/Fire             4
   f - Fireball                       Conjuration/Fire             5
Comestibles
 c - 5 rations


   Skills:
 + Level 0.1 Fighting
 + Level 3.0 Dodging
 - Level 2.4 Stealth
 + Level 5.6 Spellcasting
 * Level 5.1 Conjurations
 + Level 5.1 Fire Magic


You had 8 spell levels left.
You knew the following spells:

 Your Spells              Type           Power        Failure   Level  Hunger
a - Flame Tongue          Conj/Fire      ####.        1%          1    None
b - Conjure Flame         Conj/Fire      ####....     3%          3    ##.....
c - Sticky Flame          Conj/Fire      ####....     11%         4    ####...


Dungeon Overview and Level Annotations

Branches:
Dungeon (4/15)
 Temple: D:4-7

Altars:
Gozag
Uskayaw
Vehumet
Xom
Yredelemnul


Message History

The hound pauses to sniff the ground.
The hound bites you.
* * * LOW HITPOINT WARNING * * *
The hound closely misses you.
Casting: Flame Tongue
Confirm with . or Enter, or press ? or * to list all spells.
You don't know that spell.
You feel sick. The hound closely misses you. The hound bites you.
* * * LOW HITPOINT WARNING * * *
Casting: Flame Tongue
Confirm with . or Enter, or press ? or * to list all spells.
Aiming: Sticky Flame
Press: ? - help, Shift-Dir - straight line, f/p - hound
Aim: a hound (lightly wounded)
Okay, then.
Unknown command.
It was a potion of resistance.
You feel protected. The hound bites you.
You die...

#.....'...........#
#.....#...........#
#.....#...........#
#.....#...........#
#.....#...........#
#......#...........#
#......#...........#
#......#.......h...#
#...)$...@..#
#......######
+......# #......#
#......# #......#
...#+###


You could see a hound.

Vanquished Creatures
  Sigmund (D:4)
  An ogre (D:1)
  A bullfrog (D:3)
  A scorpion (D:4)
  3 adders
  2 dart slugs
  3 leopard geckos
  2 orcs (D:3)
  2 ball pythons (D:1)
  7 giant cockroaches
  4 goblins
  19 hobgoblins
  7 jackals
  4 bats
  4 frilled lizards
  8 kobolds
  8 rats
77 creatures vanquished.

Notes
Turn   | Place    | Note
-------+----------+-------------------------------------------
     0 | D:1      | Suckerboh the Deep Elf Fire Elementalist began the quest for the Orb.
     0 | D:1      | Reached XP level 1. HP: 10/10 MP: 6/6
   195 | D:1      | Reached XP level 2. HP: 15/15 MP: 5/8
   992 | D:1      | Reached XP level 3. HP: 19/19 MP: 5/9
  1280 | D:2      | Found a basalt altar of Yredelemnul.
  1441 | D:2      | Noticed an ogre
  1537 | D:1      | Killed an ogre
  1537 | D:1      | Reached XP level 4. HP: 24/24 MP: 8/12
  1634 | D:2      | Learned a level 3 spell: Conjure Flame
  1639 | D:2      | Learned a level 4 spell: Sticky Flame
  1765 | D:2      | Found a radiant altar of Vehumet.
  1772 | D:2      | Became a worshipper of Vehumet
  1777 | D:2      | Found a hide-covered altar of Uskayaw.
  1781 | D:2      | Found a shimmering altar of Xom.
  1997 | D:2      | Reached XP level 5. HP: 28/28 MP: 10/13
  2258 | D:3      | Found an opulent altar of Gozag.
  2426 | D:3      | Reached skill level 5 in Spellcasting
  2477 | D:3      | Reached * piety under Vehumet
  2477 | D:3      | Offered knowledge of Shock by Vehumet.
  2966 | D:4      | Reached XP level 6. HP: 31/32 MP: 8/15
  3027 | D:4      | Noticed Sigmund
  3035 | D:4      | Killed Sigmund
  3035 | D:4      | Reached skill level 5 in Conjurations
  3035 | D:4      | Reached skill level 5 in Fire Magic
  3058 | D:4      | HP: 1/32 [hound (3)]
  3059 | D:4      | Slain by a hound

Skill      XL: |  1  2  3  4  5  6 |
---------------+-------------------+-----
Conjurations   | 2 3 4 5 |  5.1
Spellcasting   | 4 5 |  5.6
Fire Magic     | 4 5 |  5.1
Dodging        | 3 |  3.0
Fighting       | |  0.1
Stealth        | |  2.4

Action                   |  1- 3 |  4- 6 || total
-------------------------+-------+-------++-------
Melee: Unarmed           |     2 |       ||     2
 Cast: Flame Tongue      |    56 |    84 ||   140
       Sticky Flame      |       |     3 ||     3
  Use: Potion            |       |     1 ||     1
  Eat: Chunk             |     1 |     6 ||     7
Armor: Robe              |     2 |     9 ||    11
Dodge: Dodged            |    20 |    31 ||    51
